| TOP OF THE 1ST |
|
Montreal Expos batting - Pitching for Seattle Mariners : LHP David Anaya
|
|
Pitching: LHP David Anaya
|
|
|
Batting: RHB Sesto Carpini
|
0-0: Called Strike 0-1: Swinging Strike 0-2: Strikes out swinging
|
|
Batting: RHB John Ham
|
0-0: Called Strike 0-1: Swinging Strike 0-2: Ball 1-2: Foul Ball, location: 2F 1-2: Strikes out looking
|
|
Batting: SHB Joey Pacheco
|
0-0: Ball 1-0: Ball 2-0: Foul Ball, location: 2F 2-1: Fly out, F8 (Flyball, 8RD, EV 91.9 MPH)
|
| Top of the 1st over - 0 runs, 0 hits, 0 errors, 0 left on base; Montreal 0 - Seattle 0 |
| BOTTOM OF THE 1ST |
|
Seattle Mariners batting - Pitching for Montreal Expos : RHP Steve Barrett
|
|
Pitching: RHP Steve Barrett
|
|
|
Batting: LHB Tommy Luce
|
0-0: Ball 1-0: Ball 2-0: Ball 3-0: Swinging Strike 3-1: Base on Balls
|
|
Batting: LHB Dae-ik Yoon
|
0-0: Called Strike 0-1: Fielders Choice at 2nd, 4-6 (Groundball, 34D, EV 91.2 MPH)
|
|
Batting: RHB Jose Vasquez
|
0-0: Ball 1-0: Ball 2-0: Called Strike 2-1: Called Strike Dae-ik Yoon steals 2nd base 2-2: Foul Ball, location: 2F 2-2: Ball Wild Pitch! Dae-ik Yoon to third 3-2: Fly out, F3 (Popup, 3SF, EV 70.0 MPH)
|
|
Batting: RHB Steve Jordan
|
0-0: Swinging Strike 0-1: Foul Ball, location: 2F 0-2: Foul Ball, location: 2F 0-2: Foul Ball, location: 2F 0-2: Strikes out swinging
|
| Bottom of the 1st over - 0 runs, 0 hits, 0 errors, 1 left on base; Montreal 0 - Seattle 0 |
| TOP OF THE 2ND |
|
Montreal Expos batting - Pitching for Seattle Mariners : LHP David Anaya
|
|
Batting: RHB Jonathan Fraire
|
0-0: Ball 1-0: Fly out, F6 (Line Drive, 6, EV 77.5 MPH)
|
|
Batting: LHB Austin Ohmer
|
0-0: Swinging Strike 0-1: Ground out 6-3 (Groundball, 6M, EV 90.0 MPH)
|
|
Batting: RHB Steve French
|
0-0: Ball 1-0: Ball 2-0: Called Strike 2-1: Fly out, F9 (Flyball, 89D, EV 92.5 MPH)
|
| Top of the 2nd over - 0 runs, 0 hits, 0 errors, 0 left on base; Montreal 0 - Seattle 0 |
| BOTTOM OF THE 2ND |
|
Seattle Mariners batting - Pitching for Montreal Expos : RHP Steve Barrett
|
|
Batting: RHB Tony Vargas
|
0-0: Called Strike 0-1: Ball 1-1: Ball 2-1: Ball 3-1: Base on Balls
|
|
Batting: RHB Harutomi Matsubara
|
0-0: Ball 1-0: Ball Tony Vargas steals 2nd base 2-0: Called Strike 2-1: Swinging Strike 2-2: Ball 3-2: Strikes out swinging
|
|
Batting: RHB Jimmy Hammertime
|
0-0: Ball 1-0: Foul Ball, location: 2F 1-1: Ball 2-1: Fly out, F8 (Line Drive, 8LM, EV 96.9 MPH)
|
|
Batting: SHB Ray Skogen
|
0-0: Fly out, F7 (Flyball, 7LS, EV 93.1 MPH)
|
| Bottom of the 2nd over - 0 runs, 0 hits, 0 errors, 1 left on base; Montreal 0 - Seattle 0 |
| TOP OF THE 3RD |
|
Montreal Expos batting - Pitching for Seattle Mariners : LHP David Anaya
|
|
Batting: RHB Tommie Eaton
|
0-0: Called Strike 0-1: Ball 1-1: Foul Ball, location: 2F 1-2: Foul Ball, location: 2F 1-2: Ball 2-2: Fly out, F9 (Flyball, 9, EV 90.6 MPH)
|
|
Batting: RHB Tommy Mize
|
0-0: Ball 1-0: Swinging Strike 1-1: Ball 2-1: Called Strike 2-2: Ball 3-2: Foul Ball, location: 2F 3-2: Strikes out swinging
|
|
Batting: RHB Alex Diaz
|
0-0: Called Strike 0-1: Called Strike 0-2: Strikes out swinging
|
| Top of the 3rd over - 0 runs, 0 hits, 0 errors, 0 left on base; Montreal 0 - Seattle 0 |
| BOTTOM OF THE 3RD |
|
Seattle Mariners batting - Pitching for Montreal Expos : RHP Steve Barrett
|
|
Batting: RHB Rick Ellis
|
0-0: Ball 1-0: Called Strike 1-1: SINGLE (Groundball, 56, EV 94.4 MPH)
|
|
Batting: LHB Tommy Luce
|
0-0: Called Strike 0-1: SINGLE (Line Drive, 8RS, EV 93.8 MPH) Rick Ellis to second Runner from 2nd tries for 3rd, SAFE, throw by CF made to third
|
|
Batting: LHB Dae-ik Yoon
|
0-0: Ball 1-0: Called Strike 1-1: Swinging Strike 1-2: Strikes out looking
|
|
Batting: RHB Jose Vasquez
|
0-0: SINGLE (Groundball, 56D, EV 105.6 MPH) Rick Ellis scores Tommy Luce to second Runner from 2nd tries for 3rd, SAFE, throw by LF made to third
|
|
Batting: RHB Steve Jordan
|
0-0: Ball 1-0: Ball 2-0: SINGLE (Groundball, 56D, EV 106.2 MPH) (infield hit) Tommy Luce scores Jose Vasquez to second
|
|
Batting: RHB Tony Vargas
|
0-0: Fielders Choice at 2nd, 1-6 (Groundball, 34S, EV 63.1 MPH) Jose Vasquez to third
|
|
Batting: RHB Harutomi Matsubara
|
0-0: Called Strike 0-1: Called Strike 0-2: Foul Ball, location: 2F 0-2: Ball 1-2: Foul Ball, location: 2F 1-2: Ball 2-2: Strikes out swinging
|
| Bottom of the 3rd over - 2 runs, 4 hits, 0 errors, 2 left on base; Montreal 0 - Seattle 2 |
| TOP OF THE 4TH |
|
Montreal Expos batting - Pitching for Seattle Mariners : LHP David Anaya
|
|
Batting: RHB Sesto Carpini
|
0-0: Ball 1-0: Swinging Strike 1-1: Ball 2-1: Ground out 6-3 (Groundball, 56, EV 98.1 MPH)
|
|
Batting: RHB John Ham
|
0-0: Ball 1-0: Swinging Strike 1-1: Called Strike 1-2: Foul Ball, location: 2F 1-2: Ball 2-2: Foul Ball, location: 2F 2-2: Ball 3-2: SINGLE (Line Drive, 4D, EV 96.9 MPH)
|
|
Batting: SHB Joey Pacheco
|
0-0: Grounds into double play, 1-6-3 (Groundball, 13S, EV 72.5 MPH)
|
| Top of the 4th over - 0 runs, 1 hit, 0 errors, 0 left on base; Montreal 0 - Seattle 2 |
| BOTTOM OF THE 4TH |
|
Seattle Mariners batting - Pitching for Montreal Expos : RHP Steve Barrett
|
|
Batting: RHB Jimmy Hammertime
|
0-0: Called Strike 0-1: Called Strike 0-2: Ground out 6-3 (Groundball, 6, EV 98.1 MPH)
|
|
Batting: SHB Ray Skogen
|
0-0: Ball 1-0: Foul Ball, location: 2F 1-1: Ball 2-1: Swinging Strike 2-2: DOUBLE (Line Drive, 78XD, EV 108.1 MPH)
|
|
Batting: RHB Rick Ellis
|
0-0: Called Strike 0-1: Ball 1-1: Called Strike 1-2: Strikes out looking
|
|
Batting: LHB Tommy Luce
|
0-0: Foul Ball, location: 2F 0-1: Ball 1-1: Ball 2-1: SINGLE (Groundball, 6MD, EV 101.2 MPH) Ray Skogen to third Runner from 3rd tries for Home, SAFE, throw by CF to home
|
|
Batting: LHB Dae-ik Yoon
|
0-0: DOUBLE (Flyball, 8RD, EV 108.8 MPH) Tommy Luce to third
|
|
Pinch Hitting: LHB Jerrod Cluck
|
0-0: Ball 1-0: Ball 2-0: Foul Ball, location: 2F 2-1: Called Strike 2-2: Strikes out swinging
|
| Bottom of the 4th over - 1 run, 3 hits, 0 errors, 2 left on base; Montreal 0 - Seattle 3 |
| TOP OF THE 5TH |
|
Montreal Expos batting - Pitching for Seattle Mariners : LHP David Anaya
|
|
Now at 1B: Hideo Okimura
|
|
|
Now at 2B: Brad Robidas
|
|
|
Now in LF: Josh Pittman
|
|
|
Now in CF: Jerrod Cluck
|
|
|
Now in RF: Steve Jordan
|
|
|
Batting: RHB Jonathan Fraire
|
0-0: Ball 1-0: Foul Ball, location: 2F 1-1: Fly out, F7 (Line Drive, 78M, EV 99.4 MPH)
|
|
Batting: LHB Austin Ohmer
|
0-0: Foul Ball, location: 2F 0-1: Foul Ball, location: 2F 0-2: Strikes out swinging
|
|
Batting: RHB Steve French
|
0-0: Foul Ball, location: 2F 0-1: Called Strike 0-2: Fly out, F6 (Popup, 6M, EV 76.9 MPH)
|
| Top of the 5th over - 0 runs, 0 hits, 0 errors, 0 left on base; Montreal 0 - Seattle 3 |
| BOTTOM OF THE 5TH |
|
Seattle Mariners batting - Pitching for Montreal Expos : RHP Steve Barrett
|
|
Pitching: LHP Tris Ross
|
|
|
Now in RF: Jake Rheaume
|
|
|
Batting: RHB Steve Jordan
|
0-0: Foul Ball, location: 2F 0-1: Ball 1-1: Called Strike 1-2: Strikes out swinging
|
|
Batting: RHB Tony Vargas
|
0-0: Foul Ball, location: 2F 0-1: Ball 1-1: Foul Ball, location: 2F 1-2: Ball 2-2: Strikes out swinging
|
|
Batting: RHB Harutomi Matsubara
|
0-0: Called Strike 0-1: Ball 1-1: Foul Ball, location: 2F 1-2: Foul Ball, location: 2F 1-2: SINGLE (Line Drive, 89M, EV 110.6 MPH)
|
|
Batting: RHB Jimmy Hammertime
|
0-0: Called Strike 0-1: Ball 1-1: Foul Ball, location: 2F 1-2: Ground out 6-3 (Groundball, 56, EV 108.8 MPH)
|
| Bottom of the 5th over - 0 runs, 1 hit, 0 errors, 1 left on base; Montreal 0 - Seattle 3 |
| TOP OF THE 6TH |
|
Montreal Expos batting - Pitching for Seattle Mariners : LHP David Anaya
|
|
Now at 3B: Young-kwang Ohnn
|
|
|
Batting: RHB Tommie Eaton
|
0-0: Called Strike 0-1: Ground out 6-3 (Groundball, 6, EV 91.9 MPH)
|
|
Batting: RHB Tommy Mize
|
0-0: Foul Ball, location: 2F 0-1: Ball 1-1: Ground out 6-3 (Groundball, 6, EV 86.2 MPH)
|
|
Batting: RHB Alex Diaz
|
0-0: Ball 1-0: Swinging Strike 1-1: Foul Ball, location: 2F 1-2: Ball 2-2: Foul Ball, location: 2F 2-2: Foul Ball, location: 2F 2-2: Ground out U3 (Groundball, 34, EV 105.6 MPH)
|
| Top of the 6th over - 0 runs, 0 hits, 0 errors, 0 left on base; Montreal 0 - Seattle 3 |
| BOTTOM OF THE 6TH |
|
Seattle Mariners batting - Pitching for Montreal Expos : LHP Tris Ross
|
|
Batting: RHB Brad Robidas
|
0-0: Ball 1-0: Swinging Strike 1-1: Ground out 5-3 (Groundball, 56, EV 92.5 MPH)
|
|
Batting: LHB Josh Pittman
|
0-0: Swinging Strike 0-1: Ball 1-1: Called Strike 1-2: Strikes out swinging
|
|
Batting: RHB Pavpv Ivanushkin
|
0-0: Swinging Strike 0-1: Ball 1-1: Ball 2-1: Called Strike 2-2: Ground out 6-3 (Groundball, 6, EV 91.9 MPH)
|
| Bottom of the 6th over - 0 runs, 0 hits, 0 errors, 0 left on base; Montreal 0 - Seattle 3 |
| TOP OF THE 7TH |
|
Montreal Expos batting - Pitching for Seattle Mariners : LHP David Anaya
|
|
Pitching: RHP Rich Ortega
|
|
|
Now at 2B: Malik Brookshire
|
|
|
Batting: LHB Mark Marvin
|
0-0: Ball 1-0: Foul Ball, location: 2F 1-1: Ball 2-1: Fly out, F5 (Popup, 5F, EV 78.8 MPH)
|
|
Pinch Hitting: LHB Bill McGregor
|
0-0: SINGLE (Groundball, 6MS, EV 71.9 MPH) (infield hit)
|
|
Pinch Hitting: RHB Danny Diaz
|
0-0: Foul Ball, location: 2F 0-1: Called Strike 0-2: Fly out, F8 (Flyball, 8LD, EV 106.2 MPH)
|
|
Batting: RHB Jonathan Fraire
|
0-0: Foul Ball, location: 2F 0-1: Ball 1-1: Foul Ball, location: 2F 1-2: Strikes out swinging
|
| Top of the 7th over - 0 runs, 1 hit, 0 errors, 1 left on base; Montreal 0 - Seattle 3 |
| BOTTOM OF THE 7TH |
|
Seattle Mariners batting - Pitching for Montreal Expos : LHP Tris Ross
|
|
Pitching: RHP Nelson Dawson
|
|
|
Now at C: James Huddleston
|
|
|
Now at SS: Danny Diaz
|
|
|
Now in LF: Bill McGregor
|
|
|
Batting: RHB Hideo Okimura
|
0-0: Swinging Strike 0-1: Ground out 5-3 (Groundball, 5S, EV 90.0 MPH)
|
|
Batting: LHB Jerrod Cluck
|
0-0: Called Strike 0-1: Ball 1-1: Swinging Strike 1-2: Foul Ball, location: 2F 1-2: Ball 2-2: Foul Ball, location: 2F 2-2: Ground out 5-3 (Groundball, 56, EV 84.4 MPH)
|
|
Batting: RHB Steve Jordan
|
0-0: Foul Ball, location: 2F 0-1: SINGLE (Line Drive, 9S, EV 96.9 MPH)
|
|
Batting: RHB Tony Vargas
|
0-0: Called Strike 0-1: Foul Ball, location: 2F 0-2: Foul Ball, location: 2F 0-2: Ball 1-2: Fly out, F9 (Flyball, 89S, EV 87.5 MPH)
|
| Bottom of the 7th over - 0 runs, 1 hit, 0 errors, 1 left on base; Montreal 0 - Seattle 3 |
| TOP OF THE 8TH |
|
Montreal Expos batting - Pitching for Seattle Mariners : RHP Rich Ortega
|
|
Pitching: RHP Willie Sanchez
|
|
|
Batting: LHB Jake Rheaume
|
0-0: Ball 1-0: Called Strike 1-1: Ball 2-1: Foul Ball, location: 2F 2-2: Foul Ball, location: 2F 2-2: Foul Ball, location: 2F 2-2: Ball 3-2: Strikes out swinging
|
|
Pinch Hitting: SHB Lou Kroneman
|
0-0: Called Strike 0-1: Ball 1-1: Swinging Strike 1-2: Fly out, F5 (Line Drive, 5L, EV 69.4 MPH)
|
|
Pinch Hitting: LHB Steve Anderson
|
0-0: Ball 1-0: SINGLE (Line Drive, 78M, EV 88.1 MPH)
|
|
Batting: RHB James Huddleston
|
0-0: Ground out 5-3 (Groundball, 25, EV 83.1 MPH)
|
| Top of the 8th over - 0 runs, 1 hit, 0 errors, 1 left on base; Montreal 0 - Seattle 3 |
| BOTTOM OF THE 8TH |
|
Seattle Mariners batting - Pitching for Montreal Expos : RHP Nelson Dawson
|
|
Pitching: RHP Joel Beggs
|
|
|
Now at 1B: Steve Anderson
|
|
|
Now at 3B: Lou Kroneman
|
|
|
Batting: RHB Harutomi Matsubara
|
0-0: Ground out 4-3 (Groundball, 4MD, EV 103.1 MPH)
|
|
Batting: RHB Young-kwang Ohnn
|
0-0: Called Strike 0-1: Ball 1-1: Fly out, F8 (Flyball, 8RD, EV 95.6 MPH)
|
|
Batting: RHB Malik Brookshire
|
0-0: Called Strike 0-1: Called Strike 0-2: Foul Ball, location: 2F 0-2: Ball 1-2: Strikes out swinging
|
| Bottom of the 8th over - 0 runs, 0 hits, 0 errors, 0 left on base; Montreal 0 - Seattle 3 |
| TOP OF THE 9TH |
|
Montreal Expos batting - Pitching for Seattle Mariners : RHP Willie Sanchez
|
|
Pitching: RHP Jake Underhill
|
|
|
Pinch Hitting: RHB EugĂȘnio Asceno
|
0-0: Called Strike 0-1: Ball 1-1: Ball 2-1: Fly out, F9 (Flyball, 89M, EV 98.1 MPH)
|
|
Batting: LHB Mark Marvin
|
0-0: Called Strike 0-1: Ball 1-1: Ball 2-1: Foul Ball, location: 2F 2-2: Strikes out swinging, 2-3 out at first.
|
|
Batting: LHB Bill McGregor
|
0-0: Ball 1-0: Called Strike 1-1: Ball 2-1: Fly out, F8 (Line Drive, 8LS, EV 93.1 MPH)
|
| Top of the 9th over - 0 runs, 0 hits, 0 errors, 0 left on base; Montreal 0 - Seattle 3 |
|